 Dungeon Crawl Stone Soup version 0.29-a0-817-g9904bce7a6 (webtiles) character file.

Game seed: 3314946719221474756

42 xian the Slasher (level 3, -1/30 HPs)
             Began as a Draconian Gladiator on July 4, 2022.
             Slain by Pargi (3 damage)
             ... in a sewer on July 5, 2022.
             The game lasted 00:04:13 (1632 turns).

xian the Slasher (Draconian Gladiator)              Turns: 1632, Time: 00:04:13

Health: -1/30      AC:  7    Str: 16    XL:     3   Next: 33%
Magic:  3/3        EV: 12    Int:  8    God:
Gold:   130        SH:  0    Dex: 12    Spells: 2/2 levels left

rFire   + . .      SeeInvis .   a - +0 long sword
rCold   + . .      Faith    .   (no shield)
rNeg    . . .      Spirit   .   (body armour unavailable)
rPois   +          Reflect  .   l - +2 hat
rElec   +          Harm     .   (no cloak)
rCorr   +          Rampage  .   (no gloves)
Will    .....      Clarity  +   (no boots)
Stlth   +.........              (no amulet)
HPRegen 0.10/turn               (no ring)
MPRegen 0.08/turn               (no ring)

@: resistant
A: AC +5, unfitting armour, cold-blooded, clarity, deterioration 1, weak 1
a: no special abilities


You were in a sewer.
You visited 1 branch of the dungeon, and saw 3 of its levels.
You also visited: Sewer.

You collected 130 gold pieces.

Inventory:

Hand Weapons
 a - a +0 long sword (weapon)
Missiles
 c - 3 throwing nets
 d - a javelin
 f - 2 boomerangs (quivered)
Armour
 l - a +2 hat (worn)
Scrolls
 e - 2 scrolls of identify {unknown}
 m - a scroll of enchant armour {unknown}
 o - a scroll of immolation {unknown}
Potions
 b - a potion of might {unknown}
 g - a potion of mutation
 i - a potion of lignification {unknown}
 j - a potion of flight {unknown}
 k - a potion of curing {unknown}
 n - a potion of attraction {unknown}


   Skills:
 + Level 2.4 Fighting
 + Level 3.8 Long Blades
 + Level 2.0 Throwing
 + Level 3.0 Dodging
 + Level 0.1 Stealth


You had 2 spell levels left.
You didn't know any spells.
Your spell library was empty.

Dungeon Overview and Level Annotations

Branches:
Dungeon (3/15)              Sewer (1/1)

Altars:

Annotations:
Sewer Pargi


Innate Abilities, Weirdness & Mutations

Your plain brown scales are hard. (AC +5)
You cannot fit into any form of body armour.
You are cold-blooded and may be slowed by cold attacks.
You possess an exceptional clarity of mind.
Your body sometimes deteriorates upon taking damage.
You are weak. (Str -2)


Message History

No target in view!
HP restored.
A bat comes into view.
Found a potion of haste.
Found a gate leading back out of this place.
The bat barely misses you. The bat closely misses you. The bat misses you.
You hit the bat. You tail-slap the bat.
You kill the bat!
Pargi the Meek comes into view.
Found a silver wand and 15 gold pieces.
You see here a potion of haste.
Okay, then.
You throw a boomerang. The boomerang barely misses Pargi.
You hit Pargi.
Your tail-slap misses Pargi.
Pargi is lightly wounded.
Pargi bites you. Pargi closely misses you. Pargi claws you.
You barely miss Pargi.
Pargi is lightly wounded.
Pargi bites you.
Pargi claws you but does no damage. x2; Pargi bites you.
Pargi claws you but does no damage. Pargi barely misses you.
You barely miss Pargi.
Pargi is lightly wounded.
Pargi bites you. Pargi claws you. Pargi claws you but does no damage.
You miss Pargi. You tail-slap Pargi, but do no damage. Pargi bites you.
* * * LOW HITPOINT WARNING * * *
Pargi claws you.
* * * LOW HITPOINT WARNING * * *
Pargi claws you but does no damage.
Okay, then.
Okay, then.
Pargi attacks as you move away! Pargi misses you. x3
It was a potion of mutation.
You feel extremely strange.
You feel weaker.
Your thoughts seem clearer.
You feel yourself wasting away. Pargi closely misses you.
Pargi claws you but does no damage. x2
It was a potion of resistance.
You feel protected. Pargi bites you.
* * * LOW HITPOINT WARNING * * *
Pargi claws you.
You die...

#∩# #.# #.#
####### #.#
##.....## #.#
#...≈...## #.#
†..≈≈≈...#######.#
∩.≈≈≈≈≈..........#
...≈≈≈...#######@#
#...≈...## #T#
##.....## #!#
####### #.# ...
..... .......
#.......#
#.......#


You could see Pargi.

Vanquished Creatures
  A river rat (D:3)
  A dart slug (D:2)
  2 ball pythons (D:1)
  8 bats
  An endoplasm (D:1)
  5 hobgoblins
  A frilled lizard (D:2)
  2 goblins
  4 kobolds (D:2)
  5 rats
30 creatures vanquished.

Notes
Turn   | Place    | Note
-------+----------+-------------------------------------------
     0 | D:1      | xian the Draconian Gladiator began the quest for the Orb.
     0 | D:1      | Reached XP level 1. HP: 17/17 MP: 1/1
   208 | D:1      | Found a faded altar of an unknown god.
   580 | D:1      | Reached XP level 2. HP: 24/24 MP: 2/2
  1503 | D:3      | Found a glowing drain.
  1511 | D:3      | Reached XP level 3. HP: 22/29 MP: 3/3
  1524 | Sewer    | Entered a sewer
  1525 | Sewer    | Upgraded the game from 0.29-a0-813-g4a14ea37d6 to
                  | 0.29-a0-817-g9904bce7a6
  1621 | Sewer    | Noticed Pargi
  1631 | Sewer    | Gained mutation: You are weak. (Str -2) [potion of
                  | mutation]
  1631 | Sewer    | Gained mutation: You possess an exceptional clarity of
                  | mind. [potion of mutation]
  1631 | Sewer    | Gained mutation: Your body sometimes deteriorates upon
                  | taking damage. [potion of mutation]
  1632 | Sewer    | Slain by Pargi

Illustrated notes

Levels and vault maps discovered:
D:1:      amcnicky_arrival_single_pillar, layout_basic,
          ebering_ecumenical_altar_sacrificial, minivault_19,
          hangedman_decor_points
D:2:      layout_basic
D:3:      layout_rooms, portal_sewer_entry_a,
          nicolae_concentric_dashed_squares_mild, chequers_big_river,
          minmay_misc_feat_square
Sewer:    sewer_big_baddie

Skill      XL: |  1  2 |
---------------+-------+-----
Dodging        | 3 |  3.0
Throwing       | 2 |  2.0
Fighting       | |  2.4
Long Blades    | |  3.8
Stealth        | |  0.1

Action                   || total
-------------------------++-------
Melee: Long sword        ||    30
       Tailslap          ||     7
Throw: Boomerang         ||    52
  Use: Potion            ||     2
Armor: Skin              ||    35
Dodge: Dodged            ||    57

Table legend: (Time is in decaauts)
 A = Elapsed time spent in this place.
 B = Non-inter-level travel time spent in this place.
 C = Inter-level travel time spent in this place.
 D = Time resting spent in this place.
 E = Time spent auto-exploring this place.
 F = Levels seen in this place.
 G = Mean time per level.
                   A        B        C        D        E       F      G
               +--------+--------+--------+--------+--------+-----+--------+
         Total |   1650 |   1615 |     35 |      0 |   1333 |   4 |  412.5 |
       Dungeon |   1537 |   1502 |     35 |      0 |   1266 |   3 |  512.3 |
         Sewer |    113 |    113 |      0 |      0 |     67 |   1 |  113.0 |
               +--------+--------+--------+--------+--------+-----+--------+

Top non-repeatable levels by time:
     D:2: 795 daAuts
     D:1: 716 daAuts
   Sewer: 113 daAuts
     D:3: 25 daAuts
